 Dungeon Crawl Stone Soup version 0.20.1-1-g8b1a95d (webtiles) character file.

853 Peloso the Slasher (level 7, -1/64 HPs)
             Began as a Deep Dwarf Fighter on Aug 5, 2017.
             Was an Initiate of Okawaru.
             Slain by a two-headed ogre
             ... wielding a +0 giant spiked club
              (7 damage)
             ... on level 5 of the Dungeon.
             The game lasted 00:10:11 (3659 turns).

Peloso the Slasher (Deep Dwarf Fighter)             Turns: 3659, Time: 00:10:11

Health: -1/64      AC: 14    Str: 21    XL:     7   Next: 70%
Magic:  13/14      EV:  5    Int:  9    God:    Okawaru [......]
Gold:   180        SH: 10    Dex: 12    Spells: 6/6 levels left

rFire    x . .     SeeInvis .   a - +0 long sword
rCold    + . .     Gourm    .   c - +0 shield
rNeg     . . .     Faith    +   q - +0 plate armour
rPois    .         Spirit   .   (no helmet)
rElec    .         Reflect  .   (no cloak)
rCorr    .         Harm     .   r - +0 pair of gloves
MR       +....                  o - +0 pair of boots
Stlth    ..........             g - amulet of faith
Regen    0.0/turn               j - ring of ice
MPRegen  0.2/turn               b - ring of magical power

@: non-regenerating
A: damage resistance, heal wounds, sense surroundings 1, no regeneration
a: Heal Wounds, Renounce Religion


You were on level 5 of the Dungeon.
You worshipped Okawaru.
Okawaru was noncommittal.
You were not hungry.

You visited 1 branch of the dungeon, and saw 5 of its levels.

You collected 295 gold pieces.
You spent 115 gold pieces at shops.

Inventory:

Hand Weapons
 a - a +0 long sword (weapon)
Armour
 c - a +0 shield (worn)
 o - a +0 pair of boots (worn)
 q - a +0 plate armour (worn)
 r - a +0 pair of gloves (worn)
Jewellery
 b - a ring of magical power (right hand)
 g - an amulet of faith (around neck)
 j - a ring of ice (left hand)
Wands
 s - a wand of iceblast (0/15)
Scrolls
 d - a scroll of amnesia
 h - 4 scrolls of teleportation
 i - 2 scrolls of identify
 k - a scroll of recharging {unknown}
 p - 2 scrolls of remove curse
 v - a scroll of enchant armour
Potions
 e - 2 potions of haste
 l - 2 potions of curing
 n - a potion of flight
 t - a potion of heal wounds
 u - a potion of brilliance
Comestibles
 f - 3 bread rations


   Skills:
 + Level 4.0 Fighting
 + Level 5.8 Long Blades
 + Level 5.1 Armour
 + Level 1.3 Dodging
 + Level 5.7 Shields


You had 6 spell levels left.
You didn't know any spells.

Dungeon Overview and Level Annotations

Branches:
Dungeon (5/15)
 Temple: D:4-7

Altars:
Cheibriados
Dithmenos
Fedhas
Hepliaklqana
Nemelex Xobeh
Okawaru
Yredelemnul

Shops:
D:4 ?


Innate Abilities, Weirdness & Mutations

You are resistant to damage.
You can heal yourself by infusing magical energy.
You passively map a small area around you.
You do not regenerate.


Message History

You hit the two-headed ogre.
The two-headed ogre is almost dead.
The two-headed ogre hits you with a giant spiked club!
* * * LOW HITPOINT WARNING * * *
The two-headed ogre closely misses you.
You hit the two-headed ogre but do no damage.
The two-headed ogre is almost dead.
Your plate armour prevents you from hitting the two-headed ogre.
The two-headed ogre is almost dead.
You feel like a meek peon again.
You block the two-headed ogre's attack. x2
You hit the two-headed ogre.
The two-headed ogre is almost dead.
You block the two-headed ogre's attack.
The two-headed ogre hits you with a giant club!
* * * LOW HITPOINT WARNING * * *
Your shield and plate armour prevent you from hitting the two-headed ogre.
The two-headed ogre is almost dead.
The two-headed ogre hits you with a giant spiked club!
You die...

###################
#..................
#.########.#..>....
#.# #.#....... ##.##
#.#.......
#..@#######.#.......
#..#O................
#....#######.#.....<.
#.#.## #####.#.#.....
#.#> * .........###.#
, ..##, #####.#.##
*#. ### #.#.# #. , ,*
#.#.## ##. ,
#.#..###..


You could see a two-headed ogre.

Vanquished Creatures
  Sigmund (D:5)
  An orc warrior (D:4)
  2 centaurs (D:5)
  A howler monkey (D:4)
  A hound (D:4)
  An orc priest (D:4)
  5 orc wizards
  7 gnolls
  2 adders (D:3)
  An ooze (D:5)
  4 worms
  8 dart slugs
  4 leopard geckos
  8 orcs
  4 giant cockroaches
  13 goblins
  9 hobgoblins
  11 jackals
  12 kobolds
  A ball python (D:1)
  10 bats
  3 frilled lizards (D:3)
  A leopard gecko skeleton (D:4)
  2 quokka skeletons (D:4)
  9 rats
  A spectral orc (D:4)
  A fungus (D:1)
123 creatures vanquished.

Notes
Turn   | Place    | Note
-------+----------+-------------------------------------------
     0 | D:1      | Peloso the Deep Dwarf Fighter began the quest for the Orb.
     0 | D:1      | Reached XP level 1. HP: 20/20 MP: 1/1
   182 | D:1      | Reached XP level 2. HP: 25/27 MP: 2/2
   575 | D:1      | Reached XP level 3. HP: 30/33 MP: 3/3
  1265 | D:2      | Reached XP level 4. HP: 40/40 MP: 4/4
  1270 | D:2      | Found a shadowy altar of Dithmenos.
  1348 | D:2      | Found a sparkling altar of Nemelex Xobeh.
  2049 | D:3      | Reached skill level 1 in Dodging
  2113 | D:3      | Found a hazy altar of Hepliaklqana.
  2459 | D:4      | Reached XP level 5. HP: 33/49 MP: 5/5
  2488 | D:4      | Found a blossoming altar of Fedhas.
  2550 | D:4      | Noticed an orc warrior
  2563 | D:4      | Killed an orc warrior
  2563 | D:4      | Reached XP level 6. HP: 26/56 MP: 6/6
  2755 | D:4      | Found Her Ytee's Magic Scroll Boutique.
  2763 | D:4      | Bought a scroll of identify for 20 gold pieces
  2763 | D:4      | Bought a scroll of enchant armour for 75 gold pieces
  2764 | D:4      | Bought a scroll of identify for 20 gold pieces
  2790 | D:4      | Found a snail-covered altar of Cheibriados.
  2851 | D:4      | Found a basalt altar of Yredelemnul.
  2916 | D:5      | Entered Level 5 of the Dungeon
  2965 | D:5      | Reached skill level 5 in Shields
  3011 | D:5      | Reached skill level 5 in Long Blades
  3011 | D:5      | Reached XP level 7. HP: 20/63 MP: 7/7
  3124 | D:5      | Found an iron altar of Okawaru.
  3132 | D:5      | Noticed Sigmund
  3133 | D:5      | Became a worshipper of Warmaster Okawaru
  3157 | D:5      | Killed Sigmund
  3157 | D:5      | Reached skill level 5 in Armour
  3499 | D:5      | Reached * piety under Okawaru
  3644 | D:5      | Noticed a two-headed ogre
  3659 | D:5      | Slain by a two-headed ogre

Skill      XL: |  1  2  3  4  5  6  7 |
---------------+----------------------+-----
Shields        | 4 5 |  5.7
Long Blades    | 3 4 5 |  5.8
Dodging        | 1 |  1.3
Armour         | 4 5 |  5.1
Fighting       | 3 4 |  4.0

Action                   |  1- 3 |  4- 6 |  7- 9 || total
-------------------------+-------+-------+-------++-------
Melee: Long sword        |   170 |   188 |    90 ||   448
Invok: Heroism           |       |       |     1 ||     1
 Abil: Heal Wounds       |       |     1 |     2 ||     3
Evoke: Wand              |       |       |     1 ||     1
  Use: Potion            |     2 |     2 |     2 ||     6
       Scroll            |       |    10 |       ||    10
  Eat: Chunk             |     2 |     5 |     3 ||    10
Armor: Scale mail        |   105 |    33 |       ||   138
       Chain mail        |       |    30 |       ||    30
       Plate armour      |       |    69 |    56 ||   125
Dodge: Dodged            |    65 |    64 |    10 ||   139
Block: Shield            |   101 |   117 |    41 ||   259
       Rpst.: Long sword |    17 |    25 |     3 ||    45
